 Dungeon Crawl Stone Soup version 0.23-a0-677-g07611c5 (webtiles) character file.

78 galech the Covered (level 4, -1/35 HPs)
             Began as a Demonspawn Fighter on Jan 9, 2019.
             Slain by a quokka (3 damage)
             ... on level 2 of the Dungeon.
             The game lasted 00:01:31 (766 turns).

galech the Covered (Demonspawn Fighter)              Turns: 766, Time: 00:01:31

Health: -1/35      AC: 11    Str: 15 (16) XL:     4   Next: 15%
Magic:  4/4        EV:  2    Int: 13 (15) God:
Gold:   57         SH:  8    Dex: 10 (13) Spells: 3/3 levels left

rFire    . . .     SeeInvis .   a - +0 war axe
rCold    + . .     Gourm    .   c - +0 shield
rNeg     . . .     Faith    .   o - +0 plate armour
rPois    .         Spirit   .   (no helmet)
rElec    .         Reflect  .   (no cloak)
rCorr    .         Harm     .   (no gloves)
MR       .....                  (no boots)
Stlth    ..........             (no amulet)
HPRegen  0.11/turn              (no ring)
MPRegen  0.09/turn              (no ring)

@: brilliant
A: cold resistance 1, powered by pain 1, freezing cloud immunity
a: no special abilities


You were on level 2 of the Dungeon.
You were not hungry.

You visited 1 branch of the dungeon, and saw 2 of its levels.

You collected 57 gold pieces.

Inventory:

Hand Weapons
 a - a +0 war axe (weapon)
Armour
 c - a +0 shield (worn)
 o - a +0 plate armour (worn)
Scrolls
 e - a scroll of immolation {unknown}
 h - a scroll of blinking {unknown}
 j - a scroll of teleportation {unknown}
 k - a scroll of enchant weapon {unknown}
 m - a scroll of amnesia {unknown}
 n - a scroll of remove curse {unknown}
Potions
 l - a potion of lignification
Comestibles
 f - 4 rations
 g - a chunk of flesh


   Skills:
 + Level 3.1 Fighting
 + Level 2.8 Axes
 + Level 3.3 Armour
 + Level 0.1 Dodging
 + Level 3.3 Shields


You had 3 spell levels left.
You didn't know any spells.
Your spell library was empty.

Dungeon Overview and Level Annotations

Branches:
Dungeon (2/15)

Altars:


Innate Abilities, Weirdness & Mutations

Your flesh is cold resistant. (rC+)
You sometimes gain a little power by taking damage.
You are immune to freezing clouds.


Message History

You start resting.
You feel sick.
You feel a little less mighty now.
You start resting.
You feel sick.
You are no longer poisoned.
You start resting.
You feel less wooden.
Your +0 plate armour unmelds from your body.
You start resting.
A quokka comes into view.
You closely miss the quokka.
The quokka bites you but does no damage. x2
You completely miss the quokka.
The quokka bites you but does no damage.
You closely miss the quokka. The quokka bites you.
* * * LOW HITPOINT WARNING * * *
You block the quokka's attack.
Your shield and plate armour prevent you from hitting the quokka.
You block the quokka's attack. The quokka bites you.
You die...

.. ....###...##
..## ##...#
#.###.##.#
#.#..# ... ##
#.#.# ##.# #..
#.#.#### # #..#
#......#
####...##%.#.#.#
...!...@r......#
####..†##..#.#.#
#..# #...<..#
#.# #.##.### #.
... .≈g # ...
≈≈≈ .... ... ...


You could see a quokka and a goblin.

Vanquished Creatures
  3 adders (D:2)
  2 worms (D:2)
  2 leopard geckos
  2 giant cockroaches
  6 goblins
  6 hobgoblins
  5 jackals (D:1)
  A quokka (D:2)
  3 bats (D:1)
  6 kobolds (D:1)
  4 rats
40 creatures vanquished.

Notes
Turn   | Place    | Note
-------+----------+-------------------------------------------
     0 | D:1      | galech the Demonspawn Fighter began the quest for the Orb.
     0 | D:1      | Reached XP level 1. HP: 18/18 MP: 1/1
    42 | D:1      | Gained mutation: You sometimes gain a little power by
                  | taking damage. [demonic ancestry]
    42 | D:1      | Reached XP level 2. HP: 21/24 MP: 2/2
   275 | D:1      | Gained mutation: Your flesh is cold resistant. (rC+)
                  | [demonic ancestry]
   275 | D:1      | Reached XP level 3. HP: 29/29 MP: 3/3
   711 | D:2      | Gained mutation: You are immune to freezing clouds.
                  | [demonic ancestry]
   711 | D:2      | Reached XP level 4. HP: 15/35 MP: 4/4
   740 | D:2      | HP: 2/52 [poisoned by an adder]
   766 | D:2      | Slain by a quokka

Vault maps used:
D:1:      elethiomel_arrival_shortcut, minmay_octomino_e4
D:2:      kennysheep_okawaru_gauntlet, marbit_many_paths

Skill      XL: |  1  2 |
---------------+-------+-----
Axes           | 2 |  2.8
Armour         | 3 |  3.3
Shields        | 3 |  3.3
Fighting       | |  3.1
Dodging        | |  0.1

Action                   |  1- 3 |  4- 6 || total
-------------------------+-------+-------++-------
Melee: War axe           |   123 |    15 ||   138
  Use: Potion            |     1 |     3 ||     4
Armor: Scale mail        |    20 |       ||    20
       Plate armour      |    76 |     9 ||    85
Dodge: Dodged            |    25 |     1 ||    26
Block: Shield            |    62 |    12 ||    74

Table legend:
 A = Non-vault XP
 B = Vault XP
 C = Vault XP percentage of total XP
 D = Non-vault monster count
 E = Vault monster count
 F = Vault count percentage of total count
                 A         B        C        D         E       F
            +---------+---------+-------+---------+---------+-------
      Total |      99 |      13 |  11.6 |      33 |       7 |  17.5
            +---------+---------+-------+---------+---------+-------
        D:1 |      33 |      13 |  28.3 |      20 |       7 |  25.9
        D:2 |      66 |       0 |   0.0 |      13 |       0 |   0.0
            +---------+---------+-------+---------+---------+-------
